Avalanche vs Thrashers

Created - December 8 2010 at 18:03

Goals
1 2 3 T
Avalanche 1 4 0 5
Thrashers 2 1 1 4
Shots
1 2 3 T
Avalanche 8 8 7 23
Thrashers 13 5 5 23

Period #1

1. Thrashers , Antoine Vermette 5 (Ryan Callahan, Jordan Staal) at 0:26
2. Avalanche , Tyler Bozak 10 (Wade Redden) at 1:50
3. Thrashers , Brad Boyes 2 (Nik Antropov, Marc Staal) at 19:50

Penalties :
Troy Brouwer (COL) for Roughing (Minor) at 7:05

Period #2

4. Avalanche , Wojtek Wolski 7 (Kyle Quincey, Brian Gionta) at 2:01
5. Avalanche , Joe Corvo 8 (T.J. Oshie, Carl Gunnarsson) at 5:34
6. Avalanche , Brian Gionta 17 (Tyler Bozak, T.J. Galiardi) at 6:30 (PP)
7. Thrashers , Mark Giordano 5 (Rene Bourque, Ryan Callahan) at 6:43 (PP)
8. Avalanche , Mike Knuble 11 (Tyler Bozak) at 19:03

Penalties :
Wojtek Wolski (COL) for Cross-checking (Minor) at 4:15, Mark Giordano (ATL) for Slashing (Minor) at 4:25, Brenden Morrow (ATL) for Delaying the game (Minor) at 5:47, Kevin Klein (COL) for Interference (Minor) at 6:37, Troy Brouwer (COL) for Hooking (Minor) at 9:00, T.J. Galiardi (COL) for Tripping (Minor) at 14:24, Ryan Malone (ATL) for Slashing (Minor) at 19:45

Period #3

9. Thrashers , Nik Antropov 8 (Ryan Malone, James Wisniewski) at 12:06

Penalties :
Mark Giordano (ATL) for Roughing (Minor) at 17:10

Goalie Stats

Semyon Varlamov (COL), 19 saves from 23 shots - (0.826), W, 7-3-2, 60:00 minutes
Brian Elliott (ATL), 9 saves from 10 shots - (0.900), L, 0-1-0, 33:11 minutes
Roberto Luongo (ATL), 9 saves from 13 shots - (0.692), 26:30 minutes

Players Stats

Avalanche
Player Name              G  A  P  +/- PIM S  H  SB FO    MP 
------------------------------------------------------------
Brian Gionta             1  1  2   0  0   5  0  0  3/5   17 
Carl Gunnarsson          0  1  1   2  0   1  1  2  0/0   21 
Daniel Briere            0  0  0   1  0   1  0  1  0/0   17 
Joe Corvo                1  0  1   1  0   1  0  1  0/0   20 
Kevin Klein              0  0  0   0  2   1  0  2  0/0   18 
Kris Versteeg            0  0  0  -1  0   0  1  0  0/0   10 
Kyle Quincey             0  1  1  -1  0   0  1  1  0/0   21 
Marcel Goc               0  0  0   1  0   1  0  0  7/19  18 
Mike Knuble              1  0  1   1  0   3  5  0  0/0   16 
Niclas Wallin            0  0  0   0  0   0  1  1  0/0   19 
T.J. Galiardi            0  1  1  -1  2   1  3  1  5/8   8  
T.J. Oshie               0  1  1   1  0   0  0  0  0/0   16 
Todd White               0  0  0  -1  0   0  0  0  3/5   6  
Troy Brouwer             0  0  0   0  4   2  1  0  1/1   18 
Tyler Bozak              1  2  3   1  0   1  0  0  7/14  17 
Vaclav Prospal           0  0  0   0  0   4  1  0  9/16  17 
Wade Redden              0  1  1   0  0   0  0  2  0/0   21 
Wojtek Wolski            1  0  1   0  2   2  0  1  1/1   14 
Thrashers
Player Name              G  A  P  +/- PIM S  H  SB FO    MP 
------------------------------------------------------------
Antoine Vermette         1  0  1  -1  0   5  0  0  1/7   23 
Brad Boyes               1  0  1   1  0   1  0  0  1/2   7  
Brenden Morrow           0  0  0   1  2   1  1  0  3/7   16 
Brian Rolston            0  0  0   1  0   0  0  0  0/0   2  
Christian Ehrhoff        0  0  0  -3  0   1  2  1  0/0   21 
Dan Girardi              0  0  0   0  0   0  0  0  0/0   0  
Dave Bolland             0  0  0  -1  0   0  0  0  3/3   16 
Guillaume Latendresse    0  0  0  -1  0   1  1  0  6/17  22 
James Wisniewski         0  1  1   0  0   0  3  0  0/0   15 
Jordan Staal             0  1  1  -1  0   3  0  1  10/15 22 
Marc Staal               0  1  1   1  0   0  2  1  0/0   17 
Mark Giordano            1  0  1   0  4   1  2  1  0/0   20 
Nik Antropov             1  1  2   1  0   3  0  0  7/14  18 
Rene Bourque             0  1  1  -1  0   4  1  0  1/2   17 
Ryan Callahan            0  2  2   0  0   1  2  0  1/2   20 
Ryan Malone              0  1  1   0  2   0  0  0  0/0   13 
Ryan Suter               0  0  0  -1  0   1  1  0  0/0   22 
Sergei Gonchar           0  0  0   0  0   1  1  0  0/0   23 

3 Stars

1 - Tyler Bozak (COL)
2 - Mike Knuble (COL)
3 - Nik Antropov (ATL)

Power Play

Avalanche - 1 on 4 Attempt(s) - 25.00%
Thrashers - 1 on 5 Attempt(s) - 20.00%

Penalty Kill

Avalanche - 4 on 5 Attempt(s) - 80.00% - Score 0 goal in Penalty Kill
Thrashers - 3 on 4 Attempt(s) - 75.00% - Score 0 goal in Penalty Kill

Game Notes

Brian Elliott enters game at 6:30 of 2nd period

Finance

Level 1 -- Attendance: 6000 (100.00%) -- Ticket Income $540,000.00
Level 2 -- Attendance: 5000 (100.00%) -- Ticket Income $235,000.00
Level 3 -- Attendance: 3324 (94.97%) -- Ticket Income $99,720.00
Level 4 -- Attendance: 2585 (79.54%) -- Ticket Income $51,700.00
Luxury Box -- Attendance: 1000 (100.00%) -- Ticket Income $170,000.00
Game was played at the Philips Arena
Total Attendance: 17909 (95.51%)
Total Ticket Income: $1,148,391.00
Other Income: $200,715.90
Total Income: $1,349,106.00


Play by Play

Period #1

0:01 of 1st period - Jordan Staal wins face-off versus Tyler Bozak in neutral zone.
0:12 of 1st period - Shot by Sergei Gonchar.
0:12 of 1st period - Shot Misses the Net.
0:14 of 1st period - Shot by Jordan Staal.
0:14 of 1st period - Shot Misses the Net.
0:18 of 1st period - Shot by Antoine Vermette.
0:18 of 1st period - Shot Misses the Net.
0:20 of 1st period - Shot by Sergei Gonchar.
0:20 of 1st period - Shot Blocked by Daniel Briere.
0:22 of 1st period - Shot by Antoine Vermette.
0:22 of 1st period - Shot Misses the Net.
0:24 of 1st period - Shot by Jordan Staal.
0:24 of 1st period - Stopped by Semyon Varlamov with a rebound.
0:26 of 1st period - Shot by Ryan Callahan.
0:26 of 1st period - Deflect By Antoine Vermette.
0:26 of 1st period - Goal by Antoine Vermette - Avalanche : 0 - Thrashers : 1.
0:27 of 1st period - Vaclav Prospal wins face-off versus Guillaume Latendresse in neutral zone.
0:38 of 1st period - Shot by Rene Bourque.
0:38 of 1st period - Shot Blocked by Joe Corvo.
0:40 of 1st period - Shot by Rene Bourque.
0:40 of 1st period - Shot Misses the Net.
0:42 of 1st period - Shot by Rene Bourque.
0:42 of 1st period - Shot Misses the Net.
0:44 of 1st period - Shot by Ryan Suter.
0:44 of 1st period - Stopped by Semyon Varlamov without a rebound.
0:45 of 1st period - Marcel Goc wins face-off versus Guillaume Latendresse in Avalanche zone.
1:20 of 1st period - Shot by Brenden Morrow.
1:20 of 1st period - Deflect By Brad Boyes.
1:20 of 1st period - Shot Misses the Net.
1:22 of 1st period - Shot by Brenden Morrow.
1:22 of 1st period - Deflect By Guillaume Latendresse.
1:22 of 1st period - Shot Blocked by Kevin Klein.
1:50 of 1st period - Shot by Tyler Bozak.
1:50 of 1st period - Goal by Tyler Bozak - Avalanche : 1 - Thrashers : 1.
1:51 of 1st period - Brian Gionta wins face-off versus Nik Antropov in neutral zone.
1:53 of 1st period - Kyle Quincey is hit by James Wisniewski and loses puck.
2:11 of 1st period - Off-side.
2:12 of 1st period - Tyler Bozak wins face-off versus Guillaume Latendresse in neutral zone.
2:15 of 1st period - Christian Ehrhoff is hit by Mike Knuble and loses puck.
2:24 of 1st period - Shot by Mike Knuble.
2:24 of 1st period - Stopped by Roberto Luongo without a rebound.
2:25 of 1st period - Todd White wins face-off versus Antoine Vermette in Thrashers zone.
3:04 of 1st period - Ryan Callahan is hit by T.J. Galiardi and loses puck.
3:39 of 1st period - Shot by T.J. Oshie.
3:39 of 1st period - Shot Misses the Net.
3:43 of 1st period - Shot by Marcel Goc.
3:43 of 1st period - Stopped by Roberto Luongo without a rebound.
3:44 of 1st period - Vaclav Prospal wins face-off versus Nik Antropov in Thrashers zone.
4:53 of 1st period - Shot by Dave Bolland.
4:53 of 1st period - Shot Misses the Net.
4:55 of 1st period - Shot by Sergei Gonchar.
4:55 of 1st period - Stopped by Semyon Varlamov with a rebound.
5:04 of 1st period - Daniel Briere is hit by Mark Giordano and loses puck.
5:33 of 1st period - Off-side.
5:34 of 1st period - Nik Antropov wins face-off versus Marcel Goc in neutral zone.
5:42 of 1st period - Shot by Nik Antropov.
5:42 of 1st period - Shot Misses the Net.
5:44 of 1st period - Shot by Nik Antropov.
5:44 of 1st period - Shot Misses the Net.
5:48 of 1st period - Shot by Ryan Malone.
5:48 of 1st period - Shot Misses the Net.
5:50 of 1st period - Shot by Nik Antropov.
5:50 of 1st period - Stopped by Semyon Varlamov without a rebound.
5:51 of 1st period - Vaclav Prospal wins face-off versus Brenden Morrow in Avalanche zone.
6:07 of 1st period - Shot by Vaclav Prospal.
6:07 of 1st period - Shot Misses the Net.
6:11 of 1st period - Shot by Vaclav Prospal.
6:11 of 1st period - Shot Blocked by Christian Ehrhoff.
6:15 of 1st period - Shot by Brian Gionta.
6:15 of 1st period - Stopped by Roberto Luongo without a rebound.
6:16 of 1st period - Tyler Bozak wins face-off versus Nik Antropov in Thrashers zone.
6:16 of 1st period - Mike Knuble is hit by James Wisniewski and loses puck.
6:36 of 1st period - Ryan Malone is hit by Carl Gunnarsson and loses puck.
7:05 of 1st period - Minor Penalty to Troy Brouwer for Roughing.
7:06 of 1st period - Antoine Vermette wins face-off versus T.J. Galiardi in Avalanche zone.
7:09 of 1st period - Shot by Rene Bourque.
7:09 of 1st period - Stopped by Semyon Varlamov without a rebound.
7:10 of 1st period - T.J. Galiardi wins face-off versus Antoine Vermette in Avalanche zone.
7:16 of 1st period - Icing by Sergei Gonchar.
7:17 of 1st period - T.J. Galiardi wins face-off versus Ryan Callahan in Thrashers zone.
7:18 of 1st period - Shot by Kevin Klein.
7:18 of 1st period - Stopped by Roberto Luongo with a rebound.
7:36 of 1st period - Shot by Rene Bourque.
7:36 of 1st period - Stopped by Semyon Varlamov without a rebound.
7:37 of 1st period - Nik Antropov wins face-off versus Marcel Goc in Avalanche zone.
7:54 of 1st period - Ryan Suter is hit by T.J. Galiardi and loses puck.
8:46 of 1st period - Shot by Ryan Callahan.
8:46 of 1st period - Stopped by Semyon Varlamov without a rebound.
8:47 of 1st period - Jordan Staal wins face-off versus T.J. Galiardi in Avalanche zone.
9:04 of 1st period - Jordan Staal is hit by Kris Versteeg and loses puck.
9:37 of 1st period - Icing by Wade Redden.
9:38 of 1st period - Tyler Bozak wins face-off versus Guillaume Latendresse in Avalanche zone.
10:09 of 1st period - Shot by Rene Bourque.
10:09 of 1st period - Shot Misses the Net.
11:14 of 1st period - Icing by Marc Staal.
11:15 of 1st period - Jordan Staal wins face-off versus Tyler Bozak in Thrashers zone.
11:42 of 1st period - Shot by Nik Antropov.
11:42 of 1st period - Stopped by Semyon Varlamov without a rebound.
11:43 of 1st period - Guillaume Latendresse wins face-off versus Marcel Goc in Avalanche zone.
11:44 of 1st period - Shot by Christian Ehrhoff.
11:44 of 1st period - Deflect By Rene Bourque.
11:44 of 1st period - Stopped by Semyon Varlamov with a rebound.
12:54 of 1st period - Off-side.
12:55 of 1st period - Dave Bolland wins face-off versus Todd White in neutral zone.
13:08 of 1st period - Shot by T.J. Galiardi.
13:08 of 1st period - Stopped by Roberto Luongo without a rebound.
13:09 of 1st period - Nik Antropov wins face-off versus Vaclav Prospal in Thrashers zone.
14:36 of 1st period - Shot by Jordan Staal.
14:36 of 1st period - Stopped by Semyon Varlamov without a rebound.
14:37 of 1st period - Jordan Staal wins face-off versus Todd White in Avalanche zone.
14:56 of 1st period - Shot by Jordan Staal.
14:56 of 1st period - Deflect By Antoine Vermette.
14:56 of 1st period - Shot Blocked by Wade Redden.
15:13 of 1st period - Icing by Mark Giordano.
15:14 of 1st period - Marcel Goc wins face-off versus Jordan Staal in Thrashers zone.
15:19 of 1st period - Shot by Kevin Klein.
15:19 of 1st period - Shot Blocked by Jordan Staal.
15:21 of 1st period - Shot by Troy Brouwer.
15:21 of 1st period - Stopped by Roberto Luongo with a rebound.
15:23 of 1st period - Shot by T.J. Oshie.
15:23 of 1st period - Shot Misses the Net.
15:27 of 1st period - Shot by Troy Brouwer.
15:27 of 1st period - Stopped by Roberto Luongo without a rebound.
15:28 of 1st period - Vaclav Prospal wins face-off versus Guillaume Latendresse in Thrashers zone.
15:45 of 1st period - Shot by Dave Bolland.
15:45 of 1st period - Shot Misses the Net.
15:47 of 1st period - Shot by Guillaume Latendresse.
15:47 of 1st period - Shot Misses the Net.
15:51 of 1st period - Shot by Christian Ehrhoff.
15:51 of 1st period - Shot Misses the Net.
15:53 of 1st period - Shot by Christian Ehrhoff.
15:53 of 1st period - Stopped by Semyon Varlamov without a rebound.
15:54 of 1st period - Marcel Goc wins face-off versus Guillaume Latendresse in Avalanche zone.
16:28 of 1st period - Troy Brouwer is hit by Christian Ehrhoff and loses puck.
16:33 of 1st period - Shot by T.J. Oshie.
16:33 of 1st period - Shot Misses the Net.
17:02 of 1st period - Brian Gionta is hit by Ryan Suter and loses puck.
17:16 of 1st period - Brian Gionta is hit by Christian Ehrhoff and loses puck.
17:26 of 1st period - Icing by Dave Bolland.
17:27 of 1st period - Guillaume Latendresse wins face-off versus Tyler Bozak in Thrashers zone.
17:43 of 1st period - Ryan Suter is hit by Mike Knuble and loses puck.
18:39 of 1st period - Shot by Troy Brouwer.
18:39 of 1st period - Shot Misses the Net.
18:41 of 1st period - Shot by Niclas Wallin.
18:41 of 1st period - Shot Misses the Net.
18:46 of 1st period - Troy Brouwer is hit by Mark Giordano.
18:48 of 1st period - Shot by T.J. Oshie.
18:48 of 1st period - Shot Misses the Net.
19:50 of 1st period - Shot by Brad Boyes.
19:50 of 1st period - Goal by Brad Boyes - Avalanche : 1 - Thrashers : 2.
19:51 of 1st period - T.J. Galiardi wins face-off versus Nik Antropov in neutral zone.
19:59 of 1st period - Shot by Todd White.
19:59 of 1st period - Deflect By T.J. Galiardi.
19:59 of 1st period - Shot Misses the Net.

Period #2

0:01 of 2nd period - Jordan Staal wins face-off versus Tyler Bozak in neutral zone.
0:15 of 2nd period - Off-side.
0:16 of 2nd period - Vaclav Prospal wins face-off versus Guillaume Latendresse in neutral zone.
0:39 of 2nd period - Shot by Vaclav Prospal.
0:39 of 2nd period - Stopped by Roberto Luongo without a rebound.
0:40 of 2nd period - Tyler Bozak wins face-off versus Jordan Staal in Thrashers zone.
2:01 of 2nd period - Shot by Kyle Quincey.
2:01 of 2nd period - Deflect By Wojtek Wolski.
2:01 of 2nd period - Goal by Wojtek Wolski - Avalanche : 2 - Thrashers : 2.
2:02 of 2nd period - Marcel Goc wins face-off versus Guillaume Latendresse in neutral zone.
2:58 of 2nd period - Shot by Antoine Vermette.
2:58 of 2nd period - Shot Blocked by Kevin Klein.
3:02 of 2nd period - Shot by Jordan Staal.
3:02 of 2nd period - Deflect By Antoine Vermette.
3:02 of 2nd period - Stopped by Semyon Varlamov with a rebound.
3:09 of 2nd period - Icing by Niclas Wallin.
3:10 of 2nd period - Brad Boyes wins face-off versus Marcel Goc in Avalanche zone.
3:11 of 2nd period - Shot by Nik Antropov.
3:11 of 2nd period - Shot Misses the Net.
3:22 of 2nd period - T.J. Oshie is hit by Sergei Gonchar and loses puck.
3:30 of 2nd period - Icing by Marc Staal.
3:31 of 2nd period - Tyler Bozak wins face-off versus Brad Boyes in Thrashers zone.
3:46 of 2nd period - Shot by Mike Knuble.
3:46 of 2nd period - Shot Blocked by Marc Staal.
3:48 of 2nd period - Shot by Carl Gunnarsson.
3:48 of 2nd period - Stopped by Roberto Luongo without a rebound.
3:49 of 2nd period - Guillaume Latendresse wins face-off versus Vaclav Prospal in Thrashers zone.
4:15 of 2nd period - Minor Penalty to Wojtek Wolski for Cross-checking.
4:16 of 2nd period - T.J. Galiardi wins face-off versus Antoine Vermette in Avalanche zone.
4:16 of 2nd period - T.J. Galiardi is hit by Rene Bourque.
4:25 of 2nd period - Minor Penalty to Mark Giordano for Slashing.
4:26 of 2nd period - Vaclav Prospal wins face-off versus Guillaume Latendresse in Thrashers zone.
4:33 of 2nd period - Shot by T.J. Galiardi.
4:33 of 2nd period - Shot Misses the Net.
5:34 of 2nd period - Shot by Joe Corvo.
5:34 of 2nd period - Goal by Joe Corvo - Avalanche : 3 - Thrashers : 2.
5:35 of 2nd period - Brenden Morrow wins face-off versus Brian Gionta in neutral zone.
5:44 of 2nd period - Shot by Brenden Morrow.
5:44 of 2nd period - Shot Misses the Net.
5:47 of 2nd period - Minor Penalty to Brenden Morrow for Delaying the game.
5:48 of 2nd period - Jordan Staal wins face-off versus Vaclav Prospal in Thrashers zone.
6:30 of 2nd period - Shot by Brian Gionta.
6:30 of 2nd period - Goal by Brian Gionta - Avalanche : 4 - Thrashers : 2.
6:30 of 2nd period - Brian Elliott enters game.
6:31 of 2nd period - Nik Antropov wins face-off versus Marcel Goc in neutral zone.
6:37 of 2nd period - Minor Penalty to Kevin Klein for Interference.
6:38 of 2nd period - Ryan Callahan wins face-off versus T.J. Galiardi in Avalanche zone.
6:41 of 2nd period - Shot by Mark Giordano.
6:41 of 2nd period - Shot Blocked by Carl Gunnarsson.
6:43 of 2nd period - Shot by Mark Giordano.
6:43 of 2nd period - Goal by Mark Giordano - Avalanche : 4 - Thrashers : 3.
6:44 of 2nd period - Guillaume Latendresse wins face-off versus Marcel Goc in neutral zone.
7:41 of 2nd period - Tyler Bozak is hit by Ryan Callahan and loses puck.
7:54 of 2nd period - Antoine Vermette is hit by Mike Knuble and loses puck.
8:11 of 2nd period - Shot by Brian Gionta.
8:11 of 2nd period - Stopped by Brian Elliott without a rebound.
8:12 of 2nd period - Brenden Morrow wins face-off versus Vaclav Prospal in Thrashers zone.
9:00 of 2nd period - Minor Penalty to Troy Brouwer for Hooking.
9:01 of 2nd period - T.J. Galiardi wins face-off versus Guillaume Latendresse in Avalanche zone.
9:22 of 2nd period - Shot by Rene Bourque.
9:22 of 2nd period - Shot Misses the Net.
9:24 of 2nd period - Shot by Rene Bourque.
9:24 of 2nd period - Stopped by Semyon Varlamov without a rebound.
9:25 of 2nd period - Nik Antropov wins face-off versus Marcel Goc in Avalanche zone.
9:47 of 2nd period - Off-side.
9:48 of 2nd period - Marcel Goc wins face-off versus Antoine Vermette in neutral zone.
10:01 of 2nd period - Shot by Jordan Staal.
10:01 of 2nd period - Shot Misses the Net.
10:03 of 2nd period - Shot by Marc Staal.
10:03 of 2nd period - Shot Blocked by T.J. Galiardi.
10:05 of 2nd period - Shot by Ryan Callahan.
10:05 of 2nd period - Shot Misses the Net.
10:07 of 2nd period - Shot by Antoine Vermette.
10:07 of 2nd period - Stopped by Semyon Varlamov without a rebound.
10:08 of 2nd period - Marcel Goc wins face-off versus Nik Antropov in Avalanche zone.
11:11 of 2nd period - Shot by Nik Antropov.
11:11 of 2nd period - Shot Blocked by Carl Gunnarsson.
11:47 of 2nd period - Antoine Vermette is hit by Mike Knuble and loses puck.
12:22 of 2nd period - Shot by Vaclav Prospal.
12:22 of 2nd period - Stopped by Brian Elliott with a rebound.
12:41 of 2nd period - Icing by Sergei Gonchar.
12:42 of 2nd period - Jordan Staal wins face-off versus Marcel Goc in Thrashers zone.
13:29 of 2nd period - Shot by Dave Bolland.
13:29 of 2nd period - Shot Misses the Net.
13:36 of 2nd period - Icing by Niclas Wallin.
13:37 of 2nd period - Guillaume Latendresse wins face-off versus Marcel Goc in Avalanche zone.
13:37 of 2nd period - Guillaume Latendresse is hit by Niclas Wallin.
13:45 of 2nd period - Shot by Brenden Morrow.
13:45 of 2nd period - Shot Misses the Net.
14:24 of 2nd period - Minor Penalty to T.J. Galiardi for Tripping.
14:25 of 2nd period - Brian Gionta wins face-off versus Nik Antropov in Avalanche zone.
15:06 of 2nd period - Shot by Antoine Vermette.
15:06 of 2nd period - Stopped by Semyon Varlamov without a rebound.
15:07 of 2nd period - Dave Bolland wins face-off versus Brian Gionta in Avalanche zone.
15:54 of 2nd period - Wade Redden is hit by Guillaume Latendresse and loses puck.
16:50 of 2nd period - Icing by James Wisniewski.
16:51 of 2nd period - Wojtek Wolski wins face-off versus Jordan Staal in Thrashers zone.
17:51 of 2nd period - Shot by Brenden Morrow.
17:51 of 2nd period - Shot Misses the Net.
18:06 of 2nd period - Icing by Christian Ehrhoff.
18:07 of 2nd period - Rene Bourque wins face-off versus Marcel Goc in Thrashers zone.
18:30 of 2nd period - T.J. Oshie is hit by Marc Staal and loses puck.
18:47 of 2nd period - Shot by Marcel Goc.
18:47 of 2nd period - Shot Misses the Net.
19:03 of 2nd period - Shot by Mike Knuble.
19:03 of 2nd period - Goal by Mike Knuble - Avalanche : 5 - Thrashers : 3.
19:04 of 2nd period - Tyler Bozak wins face-off versus Jordan Staal in neutral zone.
19:07 of 2nd period - Mark Giordano is hit by Mike Knuble and loses puck.
19:22 of 2nd period - Shot by Jordan Staal.
19:22 of 2nd period - Shot Misses the Net.
19:24 of 2nd period - Shot by Antoine Vermette.
19:24 of 2nd period - Shot Misses the Net.
19:45 of 2nd period - Minor Penalty to Ryan Malone for Slashing.
19:46 of 2nd period - Troy Brouwer wins face-off versus Brenden Morrow in Thrashers zone.
19:46 of 2nd period - Troy Brouwer is hit by James Wisniewski.

Period #3

0:01 of 3rd period - Brian Gionta wins face-off versus Antoine Vermette in neutral zone.
1:33 of 3rd period - Brenden Morrow is hit by Vaclav Prospal and loses puck.
2:48 of 3rd period - Shot by Antoine Vermette.
2:48 of 3rd period - Shot Misses the Net.
2:50 of 3rd period - Shot by Mark Giordano.
2:50 of 3rd period - Shot Blocked by Kyle Quincey.
2:52 of 3rd period - Shot by Antoine Vermette.
2:52 of 3rd period - Stopped by Semyon Varlamov without a rebound.
2:53 of 3rd period - Vaclav Prospal wins face-off versus Guillaume Latendresse in Avalanche zone.
3:17 of 3rd period - Icing by Ryan Suter.
3:18 of 3rd period - Nik Antropov wins face-off versus Tyler Bozak in Thrashers zone.
4:28 of 3rd period - Shot by Brenden Morrow.
4:28 of 3rd period - Stopped by Semyon Varlamov with a rebound.
4:42 of 3rd period - Icing by Brenden Morrow.
4:43 of 3rd period - Vaclav Prospal wins face-off versus Brenden Morrow in Thrashers zone.
5:19 of 3rd period - Off-side.
5:20 of 3rd period - Jordan Staal wins face-off versus Marcel Goc in neutral zone.
5:30 of 3rd period - Jordan Staal is hit by Troy Brouwer and loses puck.
6:00 of 3rd period - Icing by Marcel Goc.
6:01 of 3rd period - Nik Antropov wins face-off versus Marcel Goc in Avalanche zone.
6:38 of 3rd period - Shot by Vaclav Prospal.
6:38 of 3rd period - Stopped by Brian Elliott without a rebound.
6:39 of 3rd period - Todd White wins face-off versus Antoine Vermette in Thrashers zone.
7:41 of 3rd period - Carl Gunnarsson is hit by Brenden Morrow and loses puck.
9:56 of 3rd period - Shot by Vaclav Prospal.
9:56 of 3rd period - Shot Misses the Net.
9:58 of 3rd period - Shot by Niclas Wallin.
9:58 of 3rd period - Shot Blocked by Mark Giordano.
10:00 of 3rd period - Shot by Brian Gionta.
10:00 of 3rd period - Stopped by Brian Elliott with a rebound.
10:02 of 3rd period - Shot by Brian Gionta.
10:02 of 3rd period - Stopped by Brian Elliott with a rebound.
10:04 of 3rd period - Shot by Troy Brouwer.
10:04 of 3rd period - Shot Misses the Net.
11:02 of 3rd period - Dave Bolland is hit by T.J. Galiardi.
11:53 of 3rd period - Nik Antropov is hit by Kyle Quincey and loses puck.
12:00 of 3rd period - Shot by Ryan Malone.
12:00 of 3rd period - Shot Blocked by Wade Redden.
12:02 of 3rd period - Shot by James Wisniewski.
12:02 of 3rd period - Shot Misses the Net.
12:04 of 3rd period - Shot by Ryan Malone.
12:04 of 3rd period - Shot Misses the Net.
12:06 of 3rd period - Shot by Nik Antropov.
12:06 of 3rd period - Goal by Nik Antropov - Avalanche : 5 - Thrashers : 4.
12:07 of 3rd period - Marcel Goc wins face-off versus Nik Antropov in neutral zone.
12:28 of 3rd period - Shot by Marcel Goc.
12:28 of 3rd period - Shot Misses the Net.
13:33 of 3rd period - Shot by Daniel Briere.
13:33 of 3rd period - Stopped by Brian Elliott without a rebound.
13:34 of 3rd period - Jordan Staal wins face-off versus Vaclav Prospal in Thrashers zone.
13:46 of 3rd period - Icing by Brian Rolston.
13:47 of 3rd period - Tyler Bozak wins face-off versus Jordan Staal in Thrashers zone.
14:21 of 3rd period - Icing by Carl Gunnarsson.
14:22 of 3rd period - Dave Bolland wins face-off versus Tyler Bozak in Avalanche zone.
14:51 of 3rd period - Troy Brouwer is hit by Ryan Callahan and loses puck.
15:56 of 3rd period - Shot by Wojtek Wolski.
15:56 of 3rd period - Stopped by Brian Elliott without a rebound.
15:57 of 3rd period - Vaclav Prospal wins face-off versus Rene Bourque in Thrashers zone.
15:57 of 3rd period - Vaclav Prospal is hit by Marc Staal.
15:59 of 3rd period - Shot by Brian Gionta.
15:59 of 3rd period - Deflect By Vaclav Prospal.
15:59 of 3rd period - Stopped by Brian Elliott without a rebound.
16:00 of 3rd period - Jordan Staal wins face-off versus Vaclav Prospal in Thrashers zone.
16:15 of 3rd period - Shot by Jordan Staal.
16:15 of 3rd period - Stopped by Semyon Varlamov without a rebound.
16:16 of 3rd period - Guillaume Latendresse wins face-off versus Vaclav Prospal in Avalanche zone.
16:29 of 3rd period - Shot by Guillaume Latendresse.
16:29 of 3rd period - Shot Misses the Net.
16:31 of 3rd period - Shot by Guillaume Latendresse.
16:31 of 3rd period - Stopped by Semyon Varlamov with a rebound.
16:33 of 3rd period - Shot by Ryan Suter.
16:33 of 3rd period - Shot Misses the Net.
17:10 of 3rd period - Minor Penalty to Mark Giordano for Roughing.
17:11 of 3rd period - Brenden Morrow wins face-off versus Tyler Bozak in Thrashers zone.
18:56 of 3rd period - Shot by Mike Knuble.
18:56 of 3rd period - Stopped by Brian Elliott without a rebound.
18:57 of 3rd period - Todd White wins face-off versus Brenden Morrow in Thrashers zone.
19:33 of 3rd period - Shot by Daniel Briere.
19:33 of 3rd period - Shot Misses the Net.
19:41 of 3rd period - Thrashers, Brian Elliott is pulled from the net.
19:53 of 3rd period - Shot by Ryan Malone.
19:53 of 3rd period - Shot Blocked by Niclas Wallin.
19:55 of 3rd period - Shot by Marc Staal.
19:55 of 3rd period - Shot Blocked by Wojtek Wolski.


Output by the SimonT Hockey Simulator (STHS) for Stephane Roy -- Original Page W3C XHTML 1.0 Valid